 Dungeon Crawl Stone Soup version 0.28-a0-1038-g9c4cb8273d (webtiles) character file.

Game seed: 14301006126032782329

11276 garbled the Slicer (level 11, 60/60 HPs)
             Began as a Vine Stalker Monk on Dec 8, 2021.
             Was a Priest of Ru.
             Quit the game in a bailey.
             The game lasted 00:36:46 (8346 turns).

garbled the Slicer (Vine Stalker Monk)              Turns: 8346, Time: 00:36:46

Health: 60/60      AC: 14    Str: 15    XL:     11   Next: 75%
Magic:  26/33      EV: 12    Int: 18    God:    Ru [***...]
Gold:   1781       SH:  5    Dex: 18    Spells: 24/26 levels left

rFire   + . .      SeeInvis .   n - +3 rapier (elec)
rCold   . . .      Faith    .   h - +0 buckler
rNeg    . . .      Spirit   +   B - +1 leather armour {rPois}
rPois   +          Reflect  .   C - +1 helmet
rElec   .          Harm     .   t - scarf {repulsion}
rCorr   .          Rampage  .   j - +2 pair of gloves
Will    +....      Rage     1%  v - +0 pair of boots
Stlth   ++++......              y - amulet of magic regeneration
HPRegen 1.00/turn               s - +4 ring of protection
MPRegen 0.63/turn               F - ring of Tulips {rF+ MP+9 Int+6}

@: flying, repel missiles
A: fangs 3, regeneration 1, magic shield, antimagic bite, no potion heal 2,
hated by all, no fire magic, no translocations magic, no transmutations magic,
missing an eye, berserk 1, screaming 1, inability to read while threatened
a: Renounce Religion, Draw Out Power


You were in a bailey.
You worshipped Ru.
Ru was most pleased with you.
You visited 2 branches of the dungeon, and saw 11 of its levels.
You also visited: Bailey.

You collected 1781 gold pieces.

Inventory:

Hand Weapons
 a - a +0 short sword
 c - a +1 short sword of speed
 n - a +3 rapier of electrocution (weapon)
 p - a +1 dagger of venom
 I - a +0 short sword
 L - the +8 executioner's axe "Ihecam" {drain, rPois rCorr}
   (You found it in a bailey)

   A truly terrible weapon, it drains the life of any living foe it strikes.
   rPois:     It protects you from poison.
   rCorr:     It protects you from acid and corrosion.
 M - a +1 bardiche of freezing
Missiles
 i - 431 stones
 k - 4 boomerangs
 l - 22 poisoned darts (quivered)
 u - 5 atropa-tipped darts
 K - a curare-tipped dart
Armour
 h - a +0 buckler (worn)
 j - a +2 pair of gloves (worn)
 t - a scarf of repulsion (worn)
 v - a +0 pair of boots (worn)
 B - a +1 leather armour of poison resistance (worn)
 C - a +1 helmet (worn)
 H - +0 steam dragon scales
Jewellery
 b - a ring of poison resistance
 s - a +4 ring of protection (left hand)
 y - an amulet of magic regeneration (around neck)
 D - a +6 ring of strength
 F - the ring of Tulips (right hand) {rF+ MP+9 Int+6}
   (You acquired it in a bailey)

   [ring of magical power]

   Int:       It affects your intelligence (+6).
   rF:        It protects you from fire.
   MP:        It affects your magic capacity (+9).
Wands
 g - a wand of iceblast (16)
 q - a wand of flame (13)
 z - a wand of acid (4)
Scrolls
 d - a scroll of fear
 e - 5 scrolls of identify
 f - 3 scrolls of teleportation
 o - 2 scrolls of amnesia
 w - a scroll of immolation
 x - a scroll of acquirement
 E - a scroll of magic mapping
Potions
 m - a potion of brilliance
 r - 2 potions of attraction
 A - 4 potions of curing
 G - a potion of magic {unknown}
 J - a potion of cancellation


   Skills:
 + Level 8.1 Fighting
 * Level 11.2 Short Blades
 - Level 2.4 Dodging
 + Level 8.8 Stealth
 - Level 4.0 Shields
 + Level 8.2 Spellcasting


You had 24 spell levels left.
You knew the following spells:

 Your Spells              Type           Power      Damage    Failure   Level
a - Sublimation of Blood  Necr           7%         N/A       19%         2

Your spell library contained the following spells:

 Spells                   Type           Power      Damage    Failure   Level
 Gell's Gravitas          Tloc           Unusable   N/A       N/A         3
 Lesser Beckoning         Tloc           Unusable   N/A       N/A         3
 Teleport Other           Tloc           Unusable   N/A       N/A         3
 Petrify                  Tmut/Erth      Unusable   N/A       N/A         4
 Irradiate                Conj/Tmut      Unusable   3d14      N/A         5

Dungeon Overview and Level Annotations

Branches:
Dungeon (10/15)            Temple (1/1) D:4            Lair (0/6) D:10
 Bailey (1/1)
    Orc: D:9-12

Altars:
Ashenzari
Cheibriados
Dithmenos
Elyvilon
Fedhas
Gozag
Hepliaklqana
Kikubaaqudgha
Makhleb
Nemelex Xobeh
Okawaru
Qazlal
Ru
Sif Muna
Trog
Uskayaw
Vehumet
Wu Jian
Xom
Yredelemnul
Zin
The Shining One

Shops:
D:3 (


Innate Abilities, Weirdness & Mutations

You have razor-sharp teeth.
Your natural rate of healing is unusually fast.
When hurt, damage is shared between your health and your magic reserves.
Your bite disrupts and absorbs the magic of your enemies.
Potions cannot restore your health.
You are hated by all.
You cannot study or cast Fire magic.
You cannot study or cast Translocations magic.
You cannot study or cast Transmutations magic.
You are missing an eye, making it more difficult to aim.
You tend to lose your temper in combat.
You occasionally shout uncontrollably at your foes.
You sometimes lose the ability to read scrolls when taking damage.


Message History

The centaur misses you.
The orc warrior hits you with a +0 halberd.
Items here: )) [[ ÷ †.
You puncture the centaur! You bite the centaur, but do no damage.
The centaur is heavily wounded.
The centaur closely misses you. The centaur barely misses you.
The orc warrior hits you with a +0 halberd.
You puncture the centaur!
You kill the centaur!
The orc warrior barely misses you.
Items here: ( ) [ †.
You puncture the orc warrior!
Lightning courses through the orc warrior!
You kill the orc warrior!
Things that are here:
a +0 halberd; a +0 chain mail; an orc corpse
Items here: )) [[ ††.
Things that are here:
a +0 trident; a +0 chain mail
Okay, then.
You cannot currently memorise any of the available spells because you cannot use those schools of magic.
Unknown command.
Okay, then.
Something appears at your feet!
Unknown command.
F - the ring of Tulips {rF+ MP+9 Int+6} You're already wearing that ring!
You're wearing all the rings you can.
Remove which one? (? for menu, Esc to cancel) < or
s - a +4 ring of protection; > or
D - a +6 ring of strength You remove your +6 ring of strength.
You feel weaker.
You feel your magic capacity increase.
You feel clever.
F - the ring of Tulips (right hand) {rF+ MP+9 Int+6} Something appears at your feet!
Unknown command.
You now have 1781 gold pieces (gained 1246).
Okay, then.
Are you sure you want to abandon this character and quit the game? (Confirm with "yes".)

#≈..##.≈.≈≈.....≈≈.≈.
#≈..⌠#.≈≈.≈≈≈.≈≈≈.≈≈.
#≈...#..≈≈..≈.≈..≈≈..
#≈...#.⌠.≈≈≈...≈≈≈.⌠.
#≈...##....≈≈≈≈≈....#
#≈....#####.....#####
##.......⌠#######⌠...
##.......)).........
##@...).)).))).....
#########'''######
≈≈≈≈≈≈≈#...#≈≈≈≈≈
≈≈≈≈≈≈≈#)..#≈≈≈≈≈
≈≈≈≈≈≈c#...#c≈≈≈≈
≈≈≈≈.c≈#...#≈c.≈≈
≈≈..≈≈≈.....≈≈≈..
≈.≈≈≈.....)...≈≈≈
≈.≈.....≈≈≈..(..≈


There were no monsters in sight!

Vanquished Creatures
  2 two-headed ogres (D:9)
  3 death yaks (D:9)
  Pikel (D:6)
  A cyclops (D:10)
  A kobold demonologist (D:10)
  Prince Ribbit (D:7)
  A wraith (D:8)
  9 yaks
  A wyvern (D:9)
  2 steam dragons (D:9)
  2 water moccasins
  15 orc warriors
  A necrophage (D:5)
  2 centaurs (Bailey)
  2 ogres
  4 lemures (D:6)
  A phantom (D:3)
  6 kobold brigands
  A bullfrog (D:6)
  A wyvern zombie (D:5)
  2 gnoll sergeants
  A water moccasin zombie (D:5)
  A scorpion (D:5)
  14 killer bees
  8 wights
  5 centaur zombies
  2 jellies
  A centaur skeleton (D:6)
  An orc priest (D:9)
  A bullfrog skeleton (D:5)
  2 gnoll shamans
  2 hounds (D:5)
  8 orc wizards
  Ijyb (D:5)
  4 iguanas
  A hound skeleton (D:4)
  19 gnolls
  2 adders
  A shadow imp (D:6)
  2 white imps
  An ufetubus (D:5)
  2 worms
  6 dart slugs
  33 orcs
  4 ball pythons
  10 endoplasms
  A giant cockroach (D:2)
  13 goblins
  4 hobgoblins
  8 jackals (D:1)
  24 kobolds
  A quokka (D:3)
  5 bats
  2 frilled lizards (D:1)
  5 rats
254 creatures vanquished.

Vanquished Creatures (others)
  4 plants (D:7)
4 creatures vanquished.

Grand Total: 258 creatures vanquished

Notes
Turn   | Place    | Note
-------+----------+-------------------------------------------
     0 | D:1      | garbled the Vine Stalker Monk began the quest for the Orb.
     0 | D:1      | Reached XP level 1. HP: 11/11 MP: 2/2
   116 | D:1      | Reached XP level 2. HP: 4/16 MP: 1/3
   124 | D:1      | Reached skill level 3 in Short Blades
   638 | D:1      | Reached XP level 3. HP: 18/19 MP: 5/5
   725 | D:1      | Reached skill level 1 in Spellcasting
  1446 | D:2      | Gained mutation: Your natural rate of healing is unusually
                  | fast. [Vine Stalker growth]
  1446 | D:2      | Reached XP level 4. HP: 21/24 MP: 4/6
  2063 | D:3      | Found Qutusheb's Weapon Shoppe.
  2183 | D:3      | Reached XP level 5. HP: 14/28 MP: 3/8
  2214 | D:3      | Found a faded altar of an unknown god.
  2259 | D:3      | Reached skill level 4 in Short Blades
  2267 | D:3      | Noticed a phantom
  2318 | D:3      | Killed a phantom
  2319 | D:3      | Reached XP level 6. HP: 20/32 MP: 6/10
  2569 | D:4      | Found a staircase to the Ecumenical Temple.
  2578 | Temple   | Entered the Ecumenical Temple
  2860 | Temple   | Became a worshipper of Ru the Awakened
  2873 | Temple   | Gained mutation: You cannot study or cast Fire magic. [Ru
                  | sacrifice]
  2873 | Temple   | Gained mutation: You cannot study or cast Transmutations
                  | magic. [Ru sacrifice]
  2873 | Temple   | Gained mutation: You cannot study or cast Translocations
                  | magic. [Ru sacrifice]
  2873 | Temple   | Reached * piety under Ru
  3329 | D:4      | Gained mutation: You sometimes lose the ability to read
                  | scrolls when taking damage. [potion of mutation]
  3329 | D:4      | Gained mutation: You tend to lose your temper in combat.
                  | [potion of mutation]
  3329 | D:4      | Gained mutation: You occasionally shout uncontrollably at
                  | your foes. [potion of mutation]
  3610 | D:4      | Reached skill level 5 in Short Blades
  3610 | D:4      | Reached skill level 1 in Shields
  3610 | D:4      | Reached XP level 7. HP: 25/33 MP: 12/12
  3973 | D:5      | Entered Level 5 of the Dungeon
  4168 | D:5      | Noticed Ijyb
  4183 | D:5      | Killed Ijyb
  4315 | D:5      | Gained mutation: You have razor-sharp teeth. [Vine Stalker
                  | growth]
  4315 | D:5      | Reached XP level 8. HP: 42/42 MP: 14/14
  4722 | D:5      | Found a shimmering altar of Xom.
  4934 | D:6      | Reached skill level 6 in Short Blades
  4952 | D:6      | Noticed a yak
  4955 | D:6      | Noticed a yak
  4956 | D:6      | Noticed a yak
  4957 | D:6      | Noticed a yak
  4957 | D:6      | Noticed a yak
  4958 | D:6      | Noticed a yak
  4972 | D:6      | Killed a yak
  4973 | D:6      | Killed a yak
  4978 | D:6      | Killed a yak
  4985 | D:6      | Killed a yak
  4986 | D:6      | Reached skill level 5 in Fighting
  4986 | D:6      | Reached XP level 9. HP: 31/47 MP: 13/16
  4991 | D:6      | Reached skill level 7 in Short Blades
  4997 | D:6      | Learned a level 2 spell: Sublimation of Blood
  5101 | D:6      | Reached skill level 5 in Spellcasting
  5243 | D:6      | Gained mutation: You are missing an eye, making it more
                  | difficult to aim. [Ru sacrifice]
  5243 | D:6      | Reached ** piety under Ru
  5289 | D:7      | Noticed Pikel
  5347 | D:6      | Killed Pikel
  5348 | D:6      | Reached skill level 8 in Short Blades
  5397 | D:7      | Noticed Prince Ribbit
  5471 | D:7      | Killed Prince Ribbit
  6053 | D:8      | Reached skill level 5 in Stealth
  6053 | D:8      | Reached XP level 10. HP: 53/53 MP: 20/20
  6518 | D:9      | Reached skill level 9 in Short Blades
  6869 | D:9      | Gained mutation: You are hated by all. [Ru sacrifice]
  6869 | D:9      | Reached *** piety under Ru
  7078 | D:9      | Noticed a two-headed ogre
  7097 | D:9      | Killed a two-headed ogre
  7123 | D:9      | Noticed a two-headed ogre
  7132 | D:9      | Killed a two-headed ogre
  7246 | D:9      | Reached skill level 10 in Short Blades
  7298 | D:10     | Entered Level 10 of the Dungeon
  7303 | D:10     | Noticed a death yak
  7330 | D:9      | Killed a death yak
  7331 | D:9      | Reached XP level 11. HP: 42/58 MP: 16/23
  7342 | D:10     | Noticed a death yak
  7345 | D:10     | Noticed a death yak
  7379 | D:9      | Killed a death yak
  7412 | D:9      | Killed a death yak
  7464 | D:10     | Found a staircase to the Lair.
  7533 | D:10     | Found a sparkling altar of Nemelex Xobeh.
  7585 | D:10     | Noticed a cyclops
  7667 | D:10     | Killed a cyclops
  7844 | D:10     | Reached skill level 11 in Short Blades
  7856 | D:10     | Found a flagged portal.
  7875 | Bailey   | Entered a bailey
  8303 | Bailey   | Identified the +8 executioner's axe "Ihecam" {drain, rPois
                  | rCorr}
  8340 | Bailey   | Acquired the ring of Tulips {rF+ MP+9 Int+6}
  8344 | Bailey   | Acquired 1246 gold pieces
  8346 | Bailey   | Quit the game

Illustrated notes

Levels and vault maps discovered:
D:1:      minmay_arrival_loop, layout_loops_ring, minmay_octomino_c4
D:2:      layout_basic
D:3:      layout_rooms, serial_shops, nicolae_shop_crystal,
          hellmonk_ecumenical_altar_pennies_from_heaven
D:4:      layout_cave_pods, minmay_temple_entry_glassed_door,
          grunt_ministairs_10
D:5:      layout_basic, kennysheep_flooded_box, uniq_ijyb
D:6:      layout_rooms
D:7:      layout_rooms, chequers_big_river, uniq_prince_ribbit1, uniq_pikel
D:8:      layout_rooms, minmay_misc_feat_plants
D:9:      layout_gridville, minmay_increasing_density
D:10:     layout_basic, kennysheep_little_box, dpeg_lair_monsters,
          enter_bailey_5, serial_curves, eino_curves_01, eino_curves_01
Temple:   roderic_octagonal_lattice_temple
Bailey:   bailey_polearm_flooded_kennysheep, bailey

Skill      XL: |  1  2  3  4  5  6  7  8  9 10 11 |
---------------+----------------------------------+-----
Short Blades   | 3 4 5 6 8 10 11 | 11.2
Stealth        | 3 4 5 7 8 |  8.8
Spellcasting   | 1 2 3 4 6 7 8 |  8.2
Fighting       | 3 4 5 6 7 8 |  8.1
Shields        | 1 2 4 |  4.0
Dodging        | |  2.4

Action                   |  1- 3 |  4- 6 |  7- 9 | 10-12 || total
-------------------------+-------+-------+-------+-------++-------
Melee: Short sword       |   113 |    10 |       |       ||   123
       Bite              |    28 |    50 |    57 |   142 ||   277
       Dagger            |       |   186 |       |    71 ||   257
       Rapier            |       |     3 |   223 |   383 ||   609
Throw: Dart              |       |       |     7 |    25 ||    32
Invok: Sacrifice Arcana  |       |     1 |       |       ||     1
       Sacrifice an Eye  |       |       |     1 |       ||     1
       Sacrifice Love    |       |       |       |     1 ||     1
Evoke: Wand              |       |       |       |     3 ||     3
  Use: Scroll            |       |     8 |     6 |     4 ||    18
       Potion            |       |     3 |     1 |     3 ||     7
 Stab: Sleeping          |     5 |    12 |     4 |     1 ||    22
       Distracted        |       |       |     1 |     3 ||     4
       Invisible         |       |       |       |     2 ||     2
Armor: Robe              |    21 |    35 |    30 |       ||    86
       Skin              |       |    30 |       |       ||    30
       Leather armour    |       |       |    20 |   115 ||   135
Dodge: Dodged            |    52 |    73 |   103 |   223 ||   451
       Repelled          |       |       |       |     1 ||     1
Block: Buckler           |       |     3 |    59 |   113 ||   175

Table legend: (Time is in decaauts)
 A = Elapsed time spent in this place.
 B = Non-inter-level travel time spent in this place.
 C = Inter-level travel time spent in this place.
 D = Time resting spent in this place.
 E = Time spent auto-exploring this place.
 F = Levels seen in this place.
 G = Mean time per level.
                   A        B        C        D        E       F      G
               +--------+--------+--------+--------+--------+-----+--------+
         Total |   8102 |   7643 |    459 |    373 |   4837 |  12 |  675.2 |
       Dungeon |   7362 |   6920 |    442 |    360 |   4549 |  10 |  736.2 |
        Temple |    301 |    284 |     17 |      0 |    246 |   1 |  301.0 |
        Bailey |    438 |    438 |      0 |     13 |     42 |   1 |  438.0 |
               +--------+--------+--------+--------+--------+-----+--------+

Top non-repeatable levels by time:
     D:1: 1113 daAuts
     D:4: 1085 daAuts
     D:5: 1008 daAuts
     D:9: 909 daAuts
     D:2: 843 daAuts
     D:6: 573 daAuts
     D:3: 545 daAuts
     D:8: 482 daAuts
  Bailey: 438 daAuts
     D:7: 435 daAuts
    D:10: 365 daAuts
  Temple: 301 daAuts
